 Dungeon Crawl Stone Soup version 0.30.1-11-g7821555f0a (webtiles) character file.

Game seed: 10755936813306314375

588 lonewolfV2 the Shield-Bearer (level 7, -14/56 HPs)
             Began as a Formicid Fighter on Nov 28, 2023.
             Demolished by an ogre
             ... wielding a +0 giant spiked club
              (26 damage)
             ... on level 5 of the Dungeon.
             The game lasted 00:07:39 (3189 turns).

lonewolfV2 the Shield-Bearer (Formicid Fighter)     Turns: 3189, Time: 00:07:39

Health: -14/56     AC:  9    Str: 20    XL:     7   Next: 65%
Magic:  7/7        EV:  7    Int:  8    God:
Gold:   312        SH:  6    Dex: 15    Spells: 6/6 levels left

rFire   . . .        a - +1 war axe (flame)
rCold   . . .        c - +0 buckler
rNeg    . . .        g - +0 chain mail
rPois   .            (helmet unavailable)
rElec   .            (no cloak)
rCorr   .            (no gloves)
SInv    +            (no boots)
Will    .....        (no amulet) Stlth
                     (no ring)
HPRegen 0.29/turn    (no ring)
MPRegen 0.10/turn

%: no passive effects
@: no status effects
A: permanent stasis, dig shafts and tunnels, antennae 3, four strong arms
a: Dig, Shaft Self


You were on level 5 of the Dungeon.
You visited 1 branch of the dungeon, and saw 5 of its levels.

You collected 312 gold pieces.

Inventory:

Hand Weapons
 a - a +1 war axe of flaming (weapon)
Missiles
 i - 2 throwing nets
Armour
 c - a +0 buckler (worn)
 g - a +0 chain mail (worn)
Scrolls
 j - 2 scrolls of teleportation
 l - a scroll of vulnerability
Potions
 d - 2 potions of might
 f - 2 potions of haste
 h - 2 potions of lignification


   Skills:
 + Level 5.3 Fighting
 + Level 4.4 Axes
 + Level 5.2 Armour
 + Level 6.3 Shields


You had 6 spell levels left.
You didn't know any spells.
Your spell library was empty.

Dungeon Overview and Level Annotations

Branches:
Dungeon (5/15)
 Temple: D:4-7

Altars:
Kikubaaqudgha

Shops:
D:1 !   D:5 [


Innate Abilities, Weirdness & Mutations

You cannot be hasted, slowed, berserked, paralysed or teleported.
You can dig through walls and to a lower floor.
You have a pair of large antennae on your head. (SInv)
Your four strong arms can wield two-handed weapons with a shield.


Message History

There is an entrance to Qecyax's Antique Armour Shop here.
You open the door.
There is an open door here.
Found a stone staircase leading down.
An ogre comes into view. It is wielding a +0 giant club.
Found 16 gold pieces.
The ogre shouts!
You hear a shout!
An ogre is nearby!
An ogre is nearby!
Found 5 stones.
Found a potion of lignification.
You hit the ogre but do no damage. The ogre hits you with a +0 giant club.
An ogre comes into view. It is wielding a +0 giant spiked club.
You hit the ogre. You burn the ogre.
The ogre is moderately wounded.
You block the ogre's attack.
You hit the ogre. You burn the ogre.
The ogre is moderately wounded.
You hit the ogre. You burn the ogre.
The ogre is severely wounded.
The ogre hits you with a +0 giant club!
You hit the ogre. You burn the ogre.
The ogre is almost dead.
The ogre hits you with a +0 giant club!
You slash the ogre! You burn the ogre.
You kill the ogre!
You hit the ogre. You burn the ogre.
The ogre is lightly wounded.
You block the ogre's attack.
You hit the ogre. You burn the ogre.
The ogre is moderately wounded.
You block the ogre's attack.
You hit the ogre. You burn the ogre.
The ogre is moderately wounded.
The ogre hits you with a +0 giant spiked club!
* * * LOW HITPOINT WARNING * * *
You hit the ogre. You burn the ogre.
The ogre is moderately wounded.
The ogre hits you with a +0 giant spiked club!!
You die...

#######
#.....#
#.≈.≈.###
#..∩..'.#
#.≈.≈.#.# .
#...§§#.###
...#######...#
!.$.........##
......O@..###
.........##
........>#
.........#
........##
........#
.........
......(..


You could see an ogre.

Vanquished Creatures
  An ogre (D:5)
  A water moccasin zombie (D:3)
  A water moccasin skeleton (D:3)
  A jelly (D:4)
  A gnoll bouda (D:4)
  A hound (D:4)
  2 iguanas (D:4)
  An orc wizard (D:4)
  A hound zombie (D:3)
  A hound skeleton (D:3)
  Robin (D:2)
  4 gnolls (D:4)
  3 adders
  An adder skeleton (D:3)
  A worm (D:4)
  3 dart slugs
  9 orcs
  6 endoplasms
  5 giant cockroaches
  13 goblins
  11 hobgoblins
  3 jackals (D:1)
  6 quokkas
  9 ball pythons
  4 bats
  2 frilled lizards
  2 giant cockroach zombies (D:3)
  A jackal skeleton (D:3)
  7 kobolds
  5 rats
107 creatures vanquished.

Notes
Turn   | Place    | Note
-------+----------+-------------------------------------------
     0 | D:1      | lonewolfV2 the Formicid Fighter began the quest for the
                  | Orb.
     0 | D:1      | Reached XP level 1. HP: 18/18 MP: 1/1
    53 | D:1      | Found Leahuel's Distillery.
   107 | D:1      | Reached XP level 2. HP: 20/24 MP: 2/2
   247 | D:1      | Reached XP level 3. HP: 29/29 MP: 3/3
   778 | D:2      | Reached XP level 4. HP: 34/37 MP: 4/4
   781 | D:2      | Noticed Robin
   787 | D:2      | Killed Robin
  1612 | D:3      | Reached skill level 5 in Shields
  1612 | D:3      | Reached XP level 5. HP: 23/42 MP: 5/5
  1825 | D:3      | Identified the +2 dagger of the Pure Lies {flame, rPois
                  | Will- rCorr Int+3}
  2131 | D:3      | Reached XP level 6. HP: 49/49 MP: 6/6
  2627 | D:4      | Reached XP level 7. HP: 55/55 MP: 7/7
  2677 | D:4      | Reached skill level 5 in Fighting
  2764 | D:4      | Reached skill level 5 in Armour
  2764 | D:4      | Reached skill level 6 in Shields
  3089 | D:4      | Found an ancient bone altar of Kikubaaqudgha.
  3166 | D:5      | Entered Level 5 of the Dungeon
  3166 | D:5      | Found Qecyax's Antique Armour Shop.
  3189 | D:5      | Demolished by an ogre

Illustrated notes

Levels and vault maps discovered:
D:1:      denvon_arrival_waterhouse, layout_loops_ring, serial_shops, shop,
          minmay_pentomino_v2
D:2:      layout_basic, uniq_robin
D:3:      layout_loops_ring, serial_undead, serial_undead_a, serial_undead_d,
          serial_undead_c, serial_undead_e, serial_undead_a, serial_undead_e
D:4:      layout_cave_pools, kennysheep_mini_moat
D:5:      layout_cave_pools, tgw_xom, serial_shops, kennysheep_little_box,
          uniq_blork_the_orc

Skill      XL: |  1  2  3  4  5  6  7 |
---------------+----------------------+-----
Armour         | 4 5 |  5.2
Fighting       | 4 5 |  5.3
Axes           | 3 4 |  4.4
Shields        | 5 6 |  6.3

Action                     |  1- 3 |  4- 6 |  7- 9 || total
---------------------------+-------+-------+-------++-------
  Melee: War axe           |    60 |   126 |    47 ||   233
    Use: Scroll            |     4 |     6 |     2 ||    12
         Potion            |       |       |     4 ||     4
 Armour: Scale mail        |    35 |    30 |       ||    65
         Chain mail        |       |    41 |    28 ||    69
  Dodge: Dodged            |    34 |    71 |    27 ||   132
  Block: Buckler           |    20 |    42 |    23 ||    85
